 Adventure DCSS version bcrawl-1.23 (webtiles) character file.

Game seed: 4476150051270191651

17651 funkygono the Devastator (level 12, -6/72 HPs)
             Began as a Fairy Conjurer on May 20, 2020.
             Was an Elder of Vehumet.
             Killed from afar by Josephine (13 damage)
             ... with a ghostly fireball
             ... on level 6 of the Lair of Beasts.
             The game lasted 00:39:22 (17463 turns).

funkygono the Devastator (Fairy Conjurer)          Turns: 17463, Time: 00:39:23

Health: -6/72      AC: 11    Str:  8    XL:     12   Next: 50%
Magic:  12/33      EV: 40    Int: 23    God:    Vehumet [****..]
Gold:   957        SH:  7    Dex: 17    Spells: 21/42 levels left
                                        Lives:  0   Deaths: 2

rFire    . . .     SeeInvis .   n - +6 dagger (speed)
rCold    . . .     Gourm    .   (shield restricted)
rNeg     . . .     Faith    .   (armour unavailable)
rPois    +         Spirit   .   l - +0 helmet
rElec    .         Reflect  .   r - +1 cloak
rCorr    .         Harm     .   x - +0 pair of gloves
MR       ++...                  (no boots)
Stlth    ++........             F - amulet "Gatyna" {Acrobat Str+2 Dex+3}
HPRegen  0.22/turn              q - ring of poison resistance
MPRegen  0.23/turn              w - ring of protection from magic

@: flying evasively, studying Unarmed Combat, lightly drained
A: small, magic attunement, unstealthy, unfitting armour, able to fly, AC/SH +7
a: Stop Flying, Renounce Religion


You were on level 6 of the Lair of Beasts.
You worshipped Vehumet.
Vehumet was greatly pleased with you.
You were not hungry.

You visited 3 branches of the dungeon, and saw 15 of its levels.

You collected 957 gold pieces.

Inventory:

Hand Weapons
 n - a +6 dagger of speed (weapon)
Armour
 l - a +0 helmet (worn)
 r - a +1 cloak (worn)
 x - a +0 pair of gloves (worn)
Jewellery
 q - a ring of poison resistance (left hand)
 s - an uncursed ring of see invisible
 w - a ring of protection from magic (right hand)
 B - an uncursed ring of protection from fire
 E - the amulet of Baxtoref {Acrobat rN+}
   (You found it on level 8 of the Dungeon)

   [amulet of the acrobat]

   It helps you evade while moving and waiting.
   It protects you from negative energy.
 F - the amulet "Gatyna" (around neck) {Acrobat Str+2 Dex+3}
   (You took it off an orc wizard on level 8 of the Dungeon)

   [amulet of the acrobat]

   It helps you evade while moving and waiting.
   It affects your strength (+2).
   It affects your dexterity (+3).
 G - an uncursed ring of stealth
Wands
 H - a wand of acid (4)
 I - a wand of polymorph (11)
 J - a wand of flame (36)
 L - a wand of digging (9)
Scrolls
 b - 2 scrolls of identify
 c - 2 scrolls of fog
 h - 4 scrolls of teleportation
 i - 9 scrolls of remove curse
 t - a scroll of immolation
 u - 3 scrolls of amnesia
 y - a scroll of fear
 z - a scroll of magic mapping
Potions
 a - 3 potions of lignification
 d - a potion of heal wounds
 f - 2 potions of haste
 g - 3 potions of mutation
 j - 4 potions of agility
 k - 3 potions of berserk rage
 m - 2 potions of resistance
 o - a potion of flight
 p - 2 potions of invisibility
 A - 2 potions of cancellation
 C - a potion of curing
 D - a potion of might
Books
 v - a manual of Unarmed Combat
Comestibles
 e - 30 rations {!d}


   Skills:
 + Level 2.7(2.2) Fighting
 + Level 2.5(2.0) Short Blades
 + Level 9.3(8.8) Dodging
 + Level 4.2(3.7) Stealth
 + Level 15.7(15.0) Spellcasting
 + Level 16.1(15.5) Conjurations
 + Level 1.0(0.5) Fire Magic
 + Level 9.0(8.5) Ice Magic
 + Level 6.4(5.9) Poison Magic


You had 21 spell levels left.
You knew the following spells:

 Your Spells              Type           Power        Failure   Level  Hunger
a - Magic Dart            Conj           ####         0%          1    None
b - Searing Ray           Conj           ######..     0%          2    None
c - Iskenderun's Mystic   Conj           ######..     0%          3    None
d - Sting                 Conj/Pois      ####         1%          1    None
e - Bolt of Cold          Conj/Ice       ######....   1%          6    None
f - Stone Arrow           Conj/Erth      ######       1%          3    None
g - Fireball              Conj/Fire      ######....   1%          5    None

Your spell library contained the following spells:

 Spells                   Type           Power        Failure   Level  Hunger
 Fulminant Prism          Conj/Hex       ######....   1%          4    None
 Irradiate                Conj/Tmut      ######....   1%          5    None
 Ozocubu's Refrigeration  Ice            ######....   4%          6    None
 Ice Form                 Ice/Tmut       #####...     6%          4    None
 Metabolic Englaciation   Hex/Ice        #####.....   16%         5    None
 Freezing Cloud           Ice/Air        #####.....   65%         6    None
 Simulacrum               Ice/Necr       #####.....   65%         6    None


Dungeon Overview and Level Annotations

Branches:
Dungeon (8/12)             Temple (1/1) D:5            Lair (6/6) D:8
 Shoals (0/3) Lair:4       Spider (0/3) Lair:2        Slime (0/5) Lair:5
    Orc (0/1) D:8

Altars:
Ashenzari
Cheibriados
Fedhas
Gozag
Hepliaklqana
Kikubaaqudgha
Lugonu
Makhleb
Nemelex Xobeh
Okawaru
Qazlal
Ru
Sif Muna
Uskayaw
Vehumet
Wu Jian
Xom
Zin
Jiyva

Annotations:
D:6 1 runed door
D:8 Grum
Lair:6 Josephine


Innate Abilities, Weirdness & Mutations

Your spells do not cause hunger and MP costs are reduced by 1.
Your bright wings attract enemies. (Stealth-)
You cannot fit into any form of body armour.
Your shimmering scales are hard and can block incoming attacks. (AC +7, SH +7)
You are small and have problems with some larger weapons.
You can fly continuously.


Message History

The hornet completely misses you.
The searing ray hits the hornet!
The hornet is heavily wounded.
You block the hornet's attack.
A wraith comes into view.
The hornet misses you.
The searing ray hits the hornet.
The hornet is severely wounded.
The hornet completely misses you.
A wraith comes into view.
The searing ray hits the hornet!
You kill the hornet!
Vehumet accepts your kill.
Your Fire Magic skill increases to level 1!
The searing ray hits the wraith!
The wraith is moderately damaged.
A wraith comes into view.
Josephine casts a spell at you.
The ghostly flame explodes!
You feel drained. The ghostly fireball engulfs you!
You die...

##..#.##.#..........
#...................
###.................
#................$.
##.................
#P...............#.
#......###.........
#P...#### #.....%...
##.... #@@..P%...
#..( #...P..†.%....
##..+.............P
..P.......W.....
.....P..........
..#####.##P.W..# .
### #PW... .W...


You could see Josephine and 4 wraiths.

Vanquished Creatures
  Urug (Lair:4)
  5 hydras
  A centaur warrior (D:8)
  Psyche (D:8)
  Erica (Lair:1)
  An alligator (Lair:6)
  3 death yaks (Lair:5)
  A cyclops (D:8)
  4 oklob plants (Lair:5)
  3 black mambas
  7 elephants
  A merfolk siren (Lair:4)
  12 cane toads
  4 rime drakes
  8 komodo dragons
  2 trolls
  A queen bee (Lair:4)
  A wind drake (Lair:6)
  3 hornets
  9 hippogriffs
  6 blink frogs
  4 dream sheep (Lair:6)
  A wyvern (Lair:4)
  A human (D:8)
  2 redbacks (Lair:2)
  11 yaks
  Eustachio (D:5)
  3 hogs (D:8)
  3 basilisks
  2 hungry ghosts
  Menkaure (D:4)
  3 crocodiles
  A soldier ant (D:6)
  4 water moccasins
  2 porcupines (Lair:5)
  Duvessa (D:7)
  A hornet zombie (D:8)
  2 sky beasts
  4 ogres
  6 centaurs
  2 phantoms
  8 wolves
  8 bullfrogs
  Dowan (D:7)
  4 scorpions
  25 killer bees
  A vampire bat (D:4)
  5 wights (D:6)
  2 howler monkeys (D:8)
  2 electric eels (D:8)
  2 crimson imps
  A quasit (D:5)
  Crazy Yiuf (D:4)
  8 hounds
  A jelly (D:8)
  A bullfrog skeleton (D:7)
  6 orc wizards
  An iguana (D:6)
  Ijyb (D:3)
  Jessica (D:2)
  8 worker ants
  A killer bee zombie (D:7)
  A hound zombie (D:5)
  A howler monkey zombie (D:5)
  15 gnolls
  8 adders
  A shadow imp (D:5)
  2 adder skeletons (D:4)
  2 worms
  2 dart slugs
  5 leopard geckos
  16 orcs
  3 bats
  2 bat skeletons (D:4)
  3 bat zombies (D:4)
  6 giant cockroaches
  9 hobgoblins
  2 jackals (D:1)
  4 quokkas
  2 frilled lizards
  6 goblins
  A jackal zombie (D:6)
  10 kobolds
  7 rats
  2 fungi (Lair:4)
328 creatures vanquished.

Vanquished Creatures (others)
  A bush (D:8)
  3 fungi
  11 plants
15 creatures vanquished.

Grand Total: 343 creatures vanquished

Notes
Turn   | Place    | Note
-------+----------+-------------------------------------------
     0 | D:1      | funkygono the Fairy Conjurer began the quest for the Orb.
     0 | D:1      | Reached XP level 1. HP: 11/11 MP: 6/6
    37 | D:1      | Reached skill level 5 in Conjurations
    57 | D:1      | Reached XP level 2. HP: 13/17 MP: 8/8
    61 | D:1      | Learned a level 2 spell: Searing Ray
   430 | D:1      | Reached XP level 3. HP: 21/21 MP: 9/9
   724 | D:2      | Learned a level 3 spell: Iskenderun's Mystic Blast
   765 | D:2      | Noticed Jessica
   768 | D:2      | Killed Jessica
   768 | D:2      | Reached skill level 6 in Conjurations
   768 | D:2      | Reached XP level 4. HP: 27/27 MP: 5/11
   962 | D:2      | Found a sparkling altar of Nemelex Xobeh.
  1576 | D:3      | Noticed Ijyb
  1598 | D:3      | Killed Ijyb
  1892 | D:3      | Reached XP level 5. HP: 31/31 MP: 13/13
  2598 | D:4      | Found a runed door.
  2602 | D:4      | Noticed Crazy Yiuf
  2606 | D:4      | Killed Crazy Yiuf
  2606 | D:4      | Reached skill level 7 in Conjurations
  2606 | D:4      | Reached XP level 6. HP: 34/36 MP: 11/15
  2691 | D:4      | Found a sacrificial altar of Ru.
  2710 | D:4      | Noticed Menkaure
  2715 | D:4      | Killed Menkaure
  2715 | D:4      | Reached skill level 5 in Spellcasting
  2886 | D:4      | Found a glowing silver altar of Zin.
  2980 | D:4      | Noticed a phantom
  2982 | D:4      | Killed a phantom
  2982 | D:4      | Reached skill level 8 in Conjurations
  2982 | D:4      | Reached XP level 7. HP: 41/41 MP: 10/17
  3322 | D:4      | Reached skill level 9 in Conjurations
  3361 | D:4      | Reached XP level 8. HP: 46/46 MP: 14/20
  3455 | D:4      | Found an ancient bone altar of Kikubaaqudgha.
  3779 | D:5      | Entered Level 5 of the Dungeon
  3780 | D:5      | Noticed a troll
  3791 | D:5      | Noticed Eustachio
  3794 | D:5      | Killed a troll
  3803 | D:5      | Killed Eustachio
  3803 | D:5      | Reached skill level 10 in Conjurations
  3983 | D:5      | Reached XP level 9. HP: 52/52 MP: 5/23
  4372 | D:5      | Found a snail-covered altar of Cheibriados.
  4754 | D:5      | Found a staircase to the Ecumenical Temple.
  4760 | Temple   | Entered the Ecumenical Temple
  4783 | Temple   | Became a worshipper of Vehumet
  5555 | D:6      | Reached skill level 11 in Conjurations
  5942 | D:6      | Found a runed door.
  5955 | D:6      | Found a runed door.
  6190 | D:6      | Reached skill level 1 in Fighting
  6515 | D:7      | Found an ornate altar of the Wu Jian Council.
  6532 | D:7      | Reached skill level 1 in Short Blades
  6606 | D:7      | Reached skill level 10 in Spellcasting
  6747 | D:7      | Noticed Duvessa
  6756 | D:7      | Noticed Dowan
  6762 | D:7      | Killed Duvessa
  6767 | D:7      | Killed Dowan
  6900 | D:7      | Found a hide-covered altar of Uskayaw.
  7265 | D:8      | Got a warped bronze amulet
  7289 | D:8      | Reached skill level 5 in Dodging
  7289 | D:8      | Reached * piety under Vehumet
  7289 | D:8      | Offered knowledge of Freeze by Vehumet.
  7291 | D:8      | Noticed a centaur warrior
  7297 | D:8      | Reached XP level 10. HP: 34/58 MP: 19/26
  7298 | D:8      | Reached skill level 12 in Conjurations
  7300 | D:8      | Killed a centaur warrior
  7301 | D:8      | Identified the amulet "Gatyna" {Acrobat Str+2 Dex+3}
  7329 | D:8      | Noticed Grum
  7343 | D:8      | HP: 2/59 [wolf[Grum] (9)]
  7765 | D:8      | Noticed Psyche
  7903 | D:8      | Found a staircase to the Lair.
  8147 | D:8      | Noticed a cyclops
  8152 | D:8      | Killed a cyclops
  8339 | D:8      | Found a blossoming altar of Fedhas.
  8357 | D:8      | Killed Psyche
  8357 | D:8      | Reached skill level 13 in Conjurations
  8362 | D:8      | HP: 2/60 [bullfrog (3)]
  8364 | D:8      | Reached XP level 11. HP: 6/64 MP: 16/29
  8666 | D:8      | Offered knowledge of Sting by Vehumet.
  8669 | D:8      | Learned a level 1 spell: Sting
  8684 | D:8      | Found a staircase to the Orcish Mines.
  8727 | D:8      | Reached ** piety under Vehumet
  9086 | D:8      | Reached skill level 1 in Poison Magic
  9216 | D:8      | Identified the amulet of Baxtoref {Acrobat rN+} (You found
                  | it on level 8 of the Dungeon)
  9225 | D:8      | Learned a level 6 spell: Bolt of Cold
  9293 | D:8      | Upgraded the game from bcrawl-1.22-26-g3963c97c8d to
                  | bcrawl-1.23
  9314 | Lair:1   | Entered Level 1 of the Lair of Beasts
  9314 | Lair:1   | Noticed Erica
  9320 | Lair:1   | Killed Erica
  9320 | Lair:1   | Reached skill level 1 in Ice Magic
 10159 | Lair:1   | Noticed an eight-headed hydra
 10165 | Lair:1   | Killed an eight-headed hydra
 10673 | Lair:2   | Reached skill level 14 in Conjurations
 10743 | Lair:2   | Noticed a six-headed hydra
 10749 | Lair:2   | Killed a six-headed hydra
 10834 | Lair:2   | Reached skill level 5 in Ice Magic
 11005 | Lair:2   | Found a hole to the Spider Nest.
 11015 | Lair:2   | Noticed a seven-headed hydra
 11034 | Lair:2   | Killed a seven-headed hydra
 11034 | Lair:2   | Reached XP level 12. HP: 45/70 MP: 18/31
 11223 | Lair:2   | Offered knowledge of Stone Arrow by Vehumet.
 11748 | Lair:2   | Learned a level 3 spell: Stone Arrow
 12727 | Lair:4   | Noticed a five-headed hydra
 12731 | Lair:4   | Killed a five-headed hydra
 13083 | Lair:4   | Found a staircase to the Shoals.
 13365 | Lair:4   | Reached *** piety under Vehumet
 13735 | Lair:4   | Noticed Urug
 13760 | Lair:4   | Reached skill level 15 in Conjurations
 13765 | Lair:4   | HP: 2/72 [Urug/+2 demon trident of pain (34)]
 13765 | Lair:4   | Slain by Urug
 13766 | Lair:4   | Reached XP level 11. HP: -1/65 MP: 8/31
 13878 | Lair:4   | Killed Urug
 14537 | Lair:5   | Reached XP level 12. HP: 67/72 MP: 13/32
 14679 | Lair:5   | Noticed a death yak
 14681 | Lair:5   | Noticed a death yak
 14681 | Lair:5   | Noticed a death yak
 14706 | Lair:5   | Killed a death yak
 14708 | Lair:5   | Killed a death yak
 14708 | Lair:5   | Reached skill level 5 in Poison Magic
 14713 | Lair:5   | Killed a death yak
 14999 | Lair:5   | Offered knowledge of Inner Flame by Vehumet.
 15194 | Lair:5   | Reached skill level 15 in Spellcasting
 15618 | Lair:5   | Noticed an eight-headed hydra
 15627 | Lair:5   | Killed an eight-headed hydra
 16046 | Lair:5   | Found a viscous altar of Jiyva.
 16049 | Lair:5   | Splashed by an oklob plant's acid
 16050 | Lair:5   | Reached XP level 11. HP: -7/65 MP: 18/32
 16127 | Lair:5   | Found a staircase to the Slime Pits.
 16127 | Lair:5   | Noticed an oklob plant
 16130 | Lair:5   | Killed an oklob plant
 16362 | Lair:5   | Killed an oklob plant
 16638 | Lair:5   | Killed an oklob plant
 16638 | Lair:5   | Reached XP level 12. HP: 69/72 MP: 20/33
 16863 | Lair:6   | Entered Level 6 of the Lair of Beasts
 16877 | Lair:6   | Reached **** piety under Vehumet
 17009 | Lair:6   | Offered knowledge of Fireball by Vehumet.
 17016 | Lair:6   | Learned a level 5 spell: Fireball
 17121 | Lair:6   | Reached skill level 16 in Conjurations
 17126 | Lair:6   | Noticed an alligator
 17153 | Lair:6   | Killed an alligator
 17456 | Lair:6   | Noticed Josephine
 17463 | Lair:6   | Reached skill level 1 in Fire Magic
 17463 | Lair:6   | Killed from afar by Josephine

Skill      XL: |  1  2  3  4  5  6  7  8  9 10 11 12 |
---------------+-------------------------------------+-----
Conjurations   | 5 6 7 8 9 10 11 13 14 16 | 16.1
Spellcasting   | 3 4 5 6 8 10 12 13 15 | 15.7
Dodging        | 3 4 5 7 9 |  9.3
Stealth        | 2 3 4 |  4.2
Fighting       | 1 2 |  2.7
Short Blades   | 1 2 |  2.5
Poison Magic   | 1 6 |  6.4
Ice Magic      | 6 9 |  9.0
Fire Magic     | 1 |  1.0

Action                   |  1- 3 |  4- 6 |  7- 9 | 10-12 || total
-------------------------+-------+-------+-------+-------++-------
Melee: Dagger            |       |       |    29 |    66 ||    95
 Cast: Magic Dart        |    61 |    54 |    98 |   157 ||   370
       Iskenderun's Myst |     2 |    20 |    57 |    70 ||   149
       Searing Ray       |       |     5 |    21 |    31 ||    57
       Bolt of Cold      |       |       |       |   134 ||   134
       Sting             |       |       |       |   126 ||   126
       Fireball          |       |       |       |     6 ||     6
       Stone Arrow       |       |       |       |     1 ||     1
  Use: Scroll            |     2 |     9 |    10 |     9 ||    30
       Potion            |       |       |     2 |     2 ||     4
  Eat: Chunk             |       |     6 |    10 |    17 ||    33
       Ration            |       |       |     1 |     2 ||     3
Armor: Skin              |     3 |     2 |    15 |    39 ||    59
Dodge: Dodged            |     6 |    15 |    63 |   292 ||   376
Block: Other             |     3 |     7 |    17 |   110 ||   137
